 Dungeon Crawl Stone Soup version 0.28-a0-297-g99b01970c5 (webtiles) character file.

Game seed: 12093217444728068148

37 Gargoyl the Skirmisher (level 3, -5/35 HPs)
             Began as a Gnoll Abyssal Knight on Aug 29, 2021.
             Was a Follower of Lugonu.
             Slain by Terence (7 damage)
             ... on level 2 of the Dungeon.
             The game lasted 00:01:46 (2028 turns).

Gargoyl the Skirmisher (Gnoll Abyssal Knight)       Turns: 2028, Time: 00:01:47

Health: -5/35      AC: 12    Str: 12    XL:     3   Next: 41%
Magic:  15/15      EV:  6    Int: 11    God:    Lugonu [*.....]
Gold:   63         SH:  0    Dex: 11    Spells: 3/3 levels left

rFire   . . .      SeeInvis .   a - +1 hand axe
rCold   . . .      Faith    .   (no shield)
rNeg    . . .      Spirit   .   c - +0 chain mail
rPois   .          Reflect  .   g - +0 helmet
rElec   .          Harm     .   h - +0 cloak
rCorr   .          Rampage  .   (no gloves)
Will    .....                   (no boots)
Stlth   ..........              (no amulet)
HPRegen 0.11/turn               e - ring of magical power
MPRegen 0.14/turn               (no ring)

@: brilliant, hasted, very quick
A: fangs 1, strong nose, distributed training
a: Renounce Religion, Depart the Abyss


You were on level 2 of the Dungeon.
You worshipped Lugonu.
Lugonu was aware of your devotion.
You visited 1 branch of the dungeon, and saw 2 of its levels.
You visited the Abyss 1 time.

You collected 63 gold pieces.

Inventory:

Hand Weapons
 a - a +1 hand axe (weapon)
Armour
 c - a +0 chain mail (worn)
 g - a +0 helmet (worn)
 h - a +0 cloak (worn)
Jewellery
 e - a ring of magical power (left hand)
Scrolls
 b - a scroll of teleportation {unknown}
 i - a scroll of identify {unknown}


   Skills:
 + Level 6.5 Fighting
 + Level 0.8 Short Blades
 + Level 0.8 Long Blades
 + Level 4.5 Axes
 + Level 0.8 Maces & Flails
 + Level 0.8 Polearms
 + Level 0.8 Staves
 + Level 0.8 Slings
 + Level 0.8 Bows
 + Level 0.8 Crossbows
 + Level 0.8 Throwing
 + Level 4.5 Armour
 + Level 2.6 Dodging
 + Level 0.8 Stealth
 + Level 0.8 Shields
 + Level 0.8 Unarmed Combat
 + Level 0.8 Spellcasting
 + Level 0.5 Conjurations
 + Level 0.5 Hexes
 + Level 0.5 Summonings
 + Level 0.5 Necromancy
 + Level 0.5 Translocations
 + Level 0.5 Transmutations
 + Level 0.5 Fire Magic
 + Level 0.5 Ice Magic
 + Level 0.5 Air Magic
 + Level 0.5 Earth Magic
 + Level 0.5 Poison Magic
 + Level 4.6 Invocations
 + Level 0.8 Evocations


You had 3 spell levels left.
You didn't know any spells.
Your spell library was empty.

Dungeon Overview and Level Annotations

Branches:
Dungeon (2/15)

Altars:

Annotations:
D:2 Terence


Innate Abilities, Weirdness & Mutations

You have very sharp teeth.
Your uncanny sense of smell can sniff out nearby items.
Your experience applies equally to all skills.


Message History

Unknown command.
Unknown command.
Terence the Incautious comes into view.
He is wielding a +0 falchion.
Terence shouts!
Terence is nearby!
Terence says, "Rest in peace."
Terence hits you but does no damage.
You hit Terence but do no damage.
Terence drinks a potion.
Terence flickers and vanishes!
Deactivating autopickup; reactivate with Ctrl-A.
You hit something but do no damage. You bite something. Something hits you.
Something hits you but does no damage.
You closely miss something. Something hits you!
You hit something. Your bite misses something.
Something hits you but does no damage.
You hit something but do no damage. Your bite misses something.
Something hits you.
You hit something. Something hits you but does no damage.
You closely miss something. Something hits you!
Unknown command.
It was a potion of brilliance.
You feel clever all of a sudden. Something hits you.
* * * LOW HITPOINT WARNING * * *
It was a potion of haste.
You feel yourself speed up. Something hits you but does no damage.
It was a potion of curing.
You feel better.
You closely miss something. Something hits you.
You hit something. Something hits you.
* * * LOW HITPOINT WARNING * * *
You hit something. Something hits you.
* * * LOW HITPOINT WARNING * * *
You closely miss something. You closely miss something.
Something hits you but does no damage.
You hit something but do no damage. Something hits you.
* * * LOW HITPOINT WARNING * * *
A worm comes into view.
Unknown command.
You hit something. Something hits you!
You die...

####### #.....# #.###.#
### #.# #.#
.....####.###.#
#.....{@...##.#########
#w.#.###..............#
#.....#.#######.#
##......# #.# ##.#####
#.# #.# #.# #.# ####.##
+# #...... #.##.##


You could see a worm.

Vanquished Creatures
  2 dart slugs (D:1)
  3 ball pythons (D:1)
  5 bats (D:1)
  5 endoplasms
  2 goblins (D:1)
  A hobgoblin (D:1)
  2 quokkas
  5 frilled lizards
  5 kobolds (D:1)
  4 rats (D:1)
34 creatures vanquished.

Notes
Turn   | Place    | Note
-------+----------+-------------------------------------------
     0 | Abyss:1  | Gargoyl the Gnoll Abyssal Knight began the quest for the
                  | Orb.
     0 | Abyss:1  | Reached XP level 1. HP: 23/23 MP: 3/3
    64 | Abyss:2  | Noticed a small abomination
   108 | Abyss:3  | Noticed a large abomination
   124 | Abyss:3  | Noticed a sixfirhy
   161 | Abyss:4  | Noticed an apocalypse crab
   162 | Abyss:4  | Noticed a fire bat
   163 | Abyss:4  | Noticed a large abomination
   166 | Abyss:4  | Noticed a small abomination
   170 | D:1      | Escaped the Abyss
   295 | D:1      | Reached * piety under Lugonu
   296 | D:1      | Reached XP level 2. HP: 18/29 MP: 5/5
   475 | D:1      | Found a faded altar of an unknown god.
  1012 | D:1      | Reached XP level 3. HP: 31/35 MP: 6/6
  2009 | D:2      | Noticed Terence
  2028 | D:2      | Slain by Terence

Illustrated notes

Levels and vault maps discovered:
D:1:      amcnicky_arrival_double_pillar, layout_basic,
          ebering_ecumenical_altar_rust
D:2:      layout_loops_corners, hex_tiny, uniq_terence

Action                   || total
-------------------------++-------
Melee: Hand axe          ||    87
       Bite              ||     5
Invok: Depart the Abyss  ||     1
  Use: Scroll            ||     2
       Potion            ||     3
Armor: Chain mail        ||    76
Dodge: Dodged            ||    29

Table legend: (Time is in decaauts)
 A = Elapsed time spent in this place.
 B = Non-inter-level travel time spent in this place.
 C = Inter-level travel time spent in this place.
 D = Time resting spent in this place.
 E = Time spent auto-exploring this place.
 F = Levels seen in this place.
 G = Mean time per level.
                   A        B        C        D        E       F      G
               +--------+--------+--------+--------+--------+-----+--------+
         Total |   2030 |   1972 |     58 |      0 |   1601 |   6 |  338.3 |
       Dungeon |   1861 |   1803 |     58 |      0 |   1502 |   2 |  930.5 |
         Abyss |    169 |    169 |      0 |      0 |     99 |   4 |   42.2 |
               +--------+--------+--------+--------+--------+-----+--------+

Top non-repeatable levels by time:
     D:1: 1320 daAuts
     D:2: 540 daAuts
 Abyss:3: 58 daAuts
 Abyss:4: 42 daAuts
 Abyss:1: 40 daAuts
 Abyss:2: 27 daAuts
